 Dungeon Crawl Stone Soup version 0.19-a0-665-g79b24d5 (webtiles) character file.

199 Laan the Conjurer (level 5, -3/35 HPs)
             Began as a Mummy Wizard on June 16, 2016.
             Slain by a troll (6 damage)
             ... on level 4 of the Dungeon.
             The game lasted 00:06:39 (3836 turns).

Laan the Conjurer (Mummy Wizard)                    Turns: 3836, Time: 00:06:39

Health: -3/35      AC:  7    Str: 10    XL:     5   Next: 48%
Magic:  4/9        EV: 12    Int: 18    God:
Gold:   160        SH:  0    Dex: 11    Spells: 3 memorised, 3 levels left

rFire  x . .     SeeInvis .     h - +1 dagger (vamp)
rCold  + . .     Gourm    .     a - +0 robe
rNeg   + + +     Faith    .     (no shield)
rPois  ∞         Spirit   .     l - +1 hat
rElec  .         Dismiss  .     (no cloak)
rCorr  .         Reflect  .     e - +0 pair of gloves
SustAt .         Harm     .     k - +0 pair of boots
MR     .....                    (no amulet)
Stlth  ++........               (no ring)
                                i - +2 ring of protection

@: very slightly contaminated, not resistant to hostile enchantments, unstealthy
A: no food or potions, fire vulnerability, cold resistance 1, negative energy
resistance 3, torment resistance, unbreathing
a: no special abilities


You were on level 4 of the Dungeon.
You were not hungry.

You visited 1 branch of the dungeon, and saw 4 of its levels.

You collected 160 gold pieces.

Inventory:

Hand Weapons
 d - a +0 dagger of protection
 h - a +1 vampiric dagger (weapon)
Armour
 a - a +0 robe (worn)
 e - a +0 pair of gloves (worn)
 k - a +0 pair of boots (worn)
 l - a +1 hat (worn)
Jewellery
 i - a +2 ring of protection (left hand)
Scrolls
 b - a scroll of enchant weapon {unknown}
 f - 2 scrolls of remove curse {unknown}
 g - 5 scrolls of teleportation {unknown}
 j - 2 scrolls of immolation {unknown}
 m - 2 scrolls of identify {unknown}
 n - a scroll of magic mapping {unknown}
Books
 c - a book of Minor Magic

   Spells                             Type                      Level
   a - Magic Dart                     Conjuration                  1
   b - Blink                          Translocation                2
   c - Call Imp                       Summoning                    2
   d - Repel Missiles                 Charms/Air                   2
   e - Slow                           Hexes                        2
   f - Conjure Flame                  Conjuration/Fire             3
   g - Mephitic Cloud                 Conjuration/Poison/Air       3


   Skills:
 - Level 1.5 Dodging
 - Level 1.5 Stealth
 - Level 3.0 Spellcasting
 + Level 4.5 Conjurations
   Level 0.7 Summonings
   Level 0.7 Translocations


You had 3 spell levels left.
You knew the following spells:

 Your Spells              Type           Power        Failure   Level  Hunger
a - Magic Dart            Conj           ###.         2%          1    N/A
b - Conjure Flame         Conj/Fire      ##......     21%         3    N/A
c - Mephitic Cloud        Conj/Pois/Air  #.......     30%         3    N/A

Dungeon Overview and Level Annotations

Branches:
Dungeon (4/15)
 Temple: D:4-7

Altars:
Gozag
Hepliaklqana
Nemelex Xobeh
Xom
Zin

Annotations:
D:3 Mulkerokala's ghost, amateur NaFi


Innate Abilities, Weirdness & Mutations

You do not eat or drink.
Your flesh is vulnerable to fire.
You are immune to poison.
Your flesh is cold resistant. (rC+)
You are immune to negative energy. (rN+++)
You are immune to unholy pain and torment.
You can survive without breathing.


Message History

The troll looks very confused.
You hit the troll.
The troll is moderately wounded.
The worker ant bites you!
The troll bites the worker ant!
The troll claws the worker ant.
The troll claws the worker ant!
The worker ant is killed!
You hit the troll.
The troll is moderately wounded.
You hit the troll.
The troll is moderately wounded.
The troll bites you but does no damage. The troll claws you!
* * * LOW HITPOINT WARNING * * *
The troll claws you.
* * * LOW HITPOINT WARNING * * *
You hit the troll.
The troll is moderately wounded.
The troll bites you.
* * * LOW HITPOINT WARNING * * *
The troll barely misses you. The troll claws you.
You die...

##.##.............
.................#
##.####.##.......# #
#...#.......# #
#...#..#+#### .#
#8_8#..#.#######.#..
...#####..#............
..........#####...#
....##.......T@...# .
##########...# #...#
....... ..........
...........
.#.##.#..... #.#.
.#....# # #. .#....#


You could see a troll (confused).

Vanquished Creatures
  An orc priest (D:4)
  2 worker ants (D:4)
  4 adders (D:2)
  A worm (D:3)
  4 dart slugs
  10 orcs (D:3)
  5 bats
  5 giant cockroaches
  7 hobgoblins
  9 jackals
  A quokka (D:3)
  A ball python (D:1)
  4 giant newts
  8 goblins
  9 kobolds
  3 rats
74 creatures vanquished.

Notes
Turn   | Place    | Note
--------------------------------------------------------------
     0 | D:1      | Laan the Mummy Wizard began the quest for the Orb.
     0 | D:1      | Reached XP level 1. HP: 13/13 MP: 4/4
    22 | D:1      | Reached skill level 1 in Conjurations
   216 | D:1      | Reached XP level 2. HP: 19/19 MP: 0/6
   468 | D:1      | Found a sparkling altar of Nemelex Xobeh.
   506 | D:1      | Reached skill level 2 in Conjurations
   916 | D:1      | Reached XP level 3. HP: 24/24 MP: 3/7
  1264 | D:2      | Found a glowing silver altar of Zin.
  1375 | D:2      | Found a hazy altar of Hepliaklqana.
  1396 | D:2      | Found a shimmering altar of Xom.
  1397 | D:2      | Noticed a spectral ugly thing
  1579 | D:2      | Reached skill level 3 in Conjurations
  1733 | D:2      | Reached XP level 4. HP: 30/30 MP: 0/8
  2252 | D:3      | Learned a level 3 spell: Conjure Flame
  2501 | D:3      | Noticed Mulkerokala's ghost (amateur NaFi)
  3475 | D:3      | Reached skill level 4 in Conjurations
  3558 | D:4      | Noticed a troll
  3559 | D:4      | Reached XP level 5. HP: 35/35 MP: 3/9
  3686 | D:3      | Learned a level 3 spell: Mephitic Cloud
  3792 | D:4      | Found an opulent altar of Gozag.
  3836 | D:4      | Slain by a troll

Vault maps used:
D:1:      minmay_arrival_four_circles, nemelex_xobeh_ov_fountains_minmay
D:2:      regret_index_temple_of_mockery, lemuel_doored_altar
D:3:      old_standard_altar
D:4:      first_bread, grunt_gozag_breadcrumbs, uniq_natasha

Skill      XL: |  1  2  3  4 |
---------------+-------------+-----
Conjurations   | 1 2 3 4 |  4.5
Dodging        | |  1.5
Stealth        | |  1.5
Spellcasting   | |  3.0
Summonings     | |  0.7
Translocations | |  0.7

Action                   |  1- 3 |  4- 6 || total
-------------------------+-------+-------++-------
Melee: Dagger            |    74 |    10 ||    84
 Cast: Magic Dart        |    87 |    92 ||   179
       Conjure Flame     |       |     1 ||     1
       Mephitic Cloud    |       |     1 ||     1
 Stab: Sleeping          |     1 |       ||     1
       Confused          |       |     1 ||     1
Armor: Robe              |    36 |     9 ||    45
Dodge: Dodged            |    56 |    16 ||    72
